 Dungeon Crawl Stone Soup version 0.17-a0-18-gc25b939 (webtiles) character file.

23639 Chiseanne the Unseen (level 12, -3/50 (51) HPs)
             Began as a Spriggan Enchanter on Mar 4, 2015.
             Was an Initiate of Gozag.
             Slain by a komodo dragon (14 damage)
             ... on level 5 of the Lair of Beasts on Mar 8, 2015.
             The game lasted 01:39:09 (21941 turns).

Chiseanne the Unseen (Spriggan Enchanter)          Turns: 21941, Time: 01:39:10

HP:   -3/50 (51)    AC:  7    Str: 14    XL:     12   Next: 73%
MP:   6/34          EV:  4    Int: 17    God:    Gozag
Gold: 385           SH:  0    Dex: 21    Spells: 6 memorised, 19 levels left

rFire  . . .     SeeInvis +     s - +3 rapier (flame)
rCold  . . .     Clarity  .     b - +1 robe
rNeg   + + +     SustAb   .     j - +2 buckler
rPois  ∞         Gourm    .     (helmet restricted)
rElec  .         Spirit   .     k - +1 cloak
rCorr  .         Warding  .     (gloves unavailable)
rMut   .         Stasis   .     (boots unavailable)
MR     ++...                    v - amulet of faith
Stlth  ++++++++..               L - +6 ring of strength
                                D - +4 ring of dexterity

@: petrified, very quick, very resistant to hostile enchantments,
extraordinarily stealthy
A: unfitting armour, hooves 1, yellow scales 1, see invisible, herbivore 3,
speed 3, slow metabolism 2
a: Potion Petition, Call Merchant, Bribe Branch, Renounce Religion


You were on level 5 of the Lair of Beasts.
You worshipped Gozag.
Gozag was noncommittal.
You were full.

You visited 3 branches of the dungeon, and saw 16 of its levels.
You also visited: Bailey.

You collected 3433 gold pieces.
You spent 1313 gold pieces at shops.
You paid 1735 gold pieces to Gozag.

Inventory:

Hand weapons
 a - a +2 dagger of venom
 d - a +1 whip of electrocution
 e - a +1 hunting sling of flaming
 s - a +3 rapier of flaming (weapon)
Missiles
 h - 48 sling bullets
 i - 4 needles of confusion
 G - 56 poisoned needles
 N - 10 poisoned sling bullets
Armour
 b - a +1 robe (worn)
 j - a +2 buckler (worn)
 k - a +1 cloak (worn)
Jewellery
 p - an uncursed ring of stealth
 q - an uncursed ring of positive energy
 v - an amulet of faith (around neck)
 y - an uncursed ring of magical power
 D - a +4 ring of dexterity (left hand)
 E - an uncursed ring of fire
 H - an uncursed amulet of clarity
 L - a +6 ring of strength (right hand)
Magical devices
 l - a wand of paralysis (9)
 F - a wand of digging (5)
 Q - a wand of digging (9)
 U - a wand of disintegration (11)
Scrolls
 g - 6 scrolls of remove curse
 m - 7 scrolls of teleportation
 r - 2 scrolls of enchant armour
 A - a scroll of recharging
 B - a scroll of magic mapping
 I - 3 scrolls of identify
Potions
 f - 3 potions of lignification
 n - a potion of resistance
 t - 2 potions of might
 u - 4 potions of restore abilities
 w - 2 potions of flight
 z - a potion of brilliance
 C - 2 potions of heal wounds
 J - 3 potions of ambrosia
 K - a potion of mutation
 O - a potion of haste
 P - 8 potions of curing
 S - 4 potions of cancellation
 V - a potion of agility
Books
 x - a book of Fire

   Spells                             Type                      Level
   a - Ignite Poison                  Fire/Transmutation           5
   b - Fireball                       Conjuration/Fire             5
   c - Bolt of Fire                   Conjuration/Fire             6
   d - Delayed Fireball               Conjuration/Fire             7
   e - Ring of Flames                 Charms/Fire                  7
Miscellaneous
 c - a disc of storms
 X - a stone of tremors (inert)
Comestibles
 o - 9 bread rations


   Skills:
 * Level 6.1 Short Blades
 + Level 16.2 Dodging
 + Level 16.3 Stealth
 - Level 12.0 Spellcasting
 - Level 11.1 Hexes


You had 19 spell levels left.
You knew the following spells:

 Your Spells              Type           Power        Failure   Level  Hunger
a - Corona                Hex            #####..      1%          1    None
b - Ensorcelled Hibernat  Hex/Ice        ####..       1%          2    None
c - Confuse               Hex            #####...     1%          3    None
d - Dazzling Spray        Conj/Hex       ####....     3%          3    None
e - Enslavement           Hex            #####...     1%          4    ##.....
f - Mephitic Cloud        Conj/Pois/Air  ##......     34%         3    None


Dungeon Overview and Level Annotations

Branches:
Dungeon (10/15)            Temple (1/1) D:5            Lair (5/8) D:10
  Swamp (0/5) Lair:3        Snake (0/5) Lair:5
    Orc: D:9-12

Altars:
Ashenzari
Cheibriados
Dithmenos
Elyvilon
Gozag
Kikubaaqudgha
Ru
Sif Muna
Yredelemnul
Zin
The Shining One

Shops:
D:5 (   D:7 %   D:11 (   D:13 [   D:14 :

Portals:
Trove: D:10 (give 14 scrolls of teleportation)

Annotations:
D:4 Grinder
D:5 miro's ghost, average GrMo
D:10 Ladykiller69's ghost, powerful FoFi


Innate Abilities, Weirdness & Mutations

You are tiny and cannot use many weapons and most armour.
You have supernaturally acute eyesight.
You are a herbivore.
You cover ground extremely quickly.
You need consume almost no food.
You have large cloven feet.
You are partially covered in yellow scales (AC +2).


Message History

The yak is moderately wounded.
The yak is dazzled.
The yak is no longer blind.
The yak completely misses you. The basilisk gazes at you.
You are slowing down.
You hit the basilisk. You burn the basilisk.
The basilisk is heavily wounded.
The yak closely misses you.
Your limbs are stiffening.
You have turned to stone.
The basilisk is no longer blind.
The komodo dragon bites you!!
The basilisk bites the fungus.
The komodo dragon bites you!!
The basilisk bites the fungus!
The yak gores you.
The yak is no longer blind.
The komodo dragon bites you!
* * * LOW HITPOINT WARNING * * *
The basilisk bites the fungus.
The yak gores you.
* * * LOW HITPOINT WARNING * * *
The yak gores you.
* * * LOW HITPOINT WARNING * * *
The komodo dragon bites you!!
You die...
Your body crumbles into a pile of gold.

.## #..#...### . .P+#..#
##.....# ## .......
#.###.### #. ........
###'#P#$#P## # .........
#P.........###
........####........+$##
........##.#.....$......
.........#l.+........#...
.......Y@PP..........####
........Yl$.P.........##.
..........##...#.#.#####
.........####.#####.# #
.......... #..# ##
#.P.#.P### #### #######


You could see a komodo dragon, 2 yaks and a basilisk.

Vanquished Creatures
  4 hydras
  2 death yaks (Lair:4)
  An orc knight (Bailey)
  Erolcha (D:8)
  Pikel (D:5)
  A hill giant (D:9)
  4 black mambas
  4 spiny frogs
  13 blink frogs
  4 komodo dragons
  A guardian mummy (D:10)
  A troll (D:10)
  3 fire drakes
  A wind drake (Bailey)
  Prince Ribbit (D:7)
  2 hippogriffs
  A trapdoor spider zombie (D:10)
  A sky beast (D:9)
  A human (D:7)
  Eustachio (D:5)
  9 yaks
  2 hungry ghosts (D:8)
  A naga (Lair:5)
  Menkaure (D:4)
  2 porcupines
  3 orc warriors
  8 water moccasins
  8 ogres
  2 necrophages
  4 ice beasts
  5 centaurs
  Sigmund (D:5)
  3 crocodiles
  10 giant frogs
  2 scorpions
  A wight (D:10)
  A goliath beetle (D:7)
  5 crimson imps
  An electric eel (Lair:1)
  8 hounds
  4 jellies
  5 orc wizards
  An orc priest (D:9)
  3 worker ants
  Natasha (thrice) (D:3)
  9 iguanas
  Ijyb (D:2)
  3 worker ant zombies
  2 hound skeletons
  Robin (D:2)
  20 adders
  4 gnolls
  26 river rats
  A giant mite (D:3)
  2 shadow imps
  2 worms (D:3)
  An adder zombie (D:7)
  8 giant geckos
  2 oozes
  23 orcs
  4 ball pythons
  21 bats
  A bat skeleton (D:4)
  A bat zombie (D:5)
  4 giant cockroaches
  20 goblins
  22 hobgoblins
  10 jackals
  12 quokkas
  12 giant newts
  A jackal zombie (D:5)
  15 kobolds
  12 rats
  A fungus (Lair:4)
  A plant (Lair:4)
383 creatures vanquished.

Vanquished Creatures (collateral kills)
  An orc warlord (Bailey)
  A death yak (Lair:4)
  An orc knight (Bailey)
  2 komodo dragons
  A fire drake (Lair:3)
  A guardian mummy (D:10)
  8 yaks
  A hippogriff (Lair:4)
  2 orc warriors (Bailey)
  An ice beast (D:9)
  2 giant frogs
  2 wights (D:10)
  2 hounds
  2 orc priests
  6 sheep
  2 gnolls (Bailey)
  A river rat (Lair:3)
  13 orcs
  13 goblins
  4 hobgoblins (Bailey)
66 creatures vanquished.

Vanquished Creatures (others)
  A spiny frog (Lair:1)
  5 yaks
  A wyvern (D:10)
  Edmund (D:4)
  2 hippogriffs
  A water moccasin (Lair:2)
  A slave (D:5)
  A wasp (D:10)
  A black bear (D:8)
  4 orc warriors (Bailey)
  A sky beast (D:8)
  A crocodile (Lair:1)
  3 giant frogs
  A gnoll sergeant (Bailey)
  5 chimeras (Lair:4)
  2 wights (D:10)
  A jelly (D:5)
  An orc priest (D:7)
  An iguana (Lair:1)
  A sheep (D:7)
  An adder (D:5)
  3 gnolls (Bailey)
  A giant mite (D:6)
  9 orcs
  7 hobgoblins
  A quokka (Lair:1)
  A bat (D:5)
  5 goblins
  A rat (D:7)
  A fungus (Lair:5)
  3 plants (Lair:5)
68 creatures vanquished.

Grand Total: 517 creatures vanquished

Notes
Turn   | Place    | Note
--------------------------------------------------------------
     0 | D:1      | Chiseanne, the Spriggan Enchanter, began the quest for the Orb.
     0 | D:1      | Reached XP level 1. HP: 9/9 MP: 4/4
   443 | D:1      | Reached XP level 2. HP: 13/13 MP: 5/7
   545 | D:1      | Learned a level 2 spell: Ensorcelled Hibernation
   589 | D:1      | Reached skill level 5 in Stealth
  1299 | D:2      | Reached XP level 3. HP: 16/16 MP: 2/11
  1517 | D:2      | Noticed Robin
  1774 | D:2      | Learned a level 3 spell: Confuse
  2297 | D:2      | Noticed Ijyb
  2308 | D:2      | Killed Ijyb
  2308 | D:2      | Reached XP level 4. HP: 21/21 MP: 8/14
  2605 | D:2      | Killed Robin
  2738 | D:2      | Learned a level 3 spell: Dazzling Spray
  2929 | D:2      | Noticed a water moccasin
  2939 | D:2      | Killed a water moccasin
  2939 | D:2      | Reached skill level 5 in Hexes
  2939 | D:2      | Reached XP level 5. HP: 24/24 MP: 14/18
  2967 | D:2      | Learned a level 4 spell: Enslavement
  3443 | D:3      | Noticed Natasha
  3447 | D:3      | Killed Natasha
  3623 | D:3      | Noticed Natasha
  3642 | D:3      | Reached XP level 6. HP: 28/28 MP: 11/20
  3648 | D:3      | Killed Natasha
  3819 | D:3      | Reached skill level 5 in Spellcasting
  4128 | D:4      | Noticed Menkaure
  4519 | D:4      | Noticed Grinder
  4676 | D:3      | Noticed Natasha
  4686 | D:3      | Killed Natasha
  5092 | D:4      | Reached skill level 6 in Spellcasting
  5290 | D:4      | Noticed Edmund
  5320 | D:4      | Edmund (ally) was killed
  5320 | D:4      | Your ally died
  5320 | D:4      | Reached XP level 7. HP: 32/32 MP: 17/24
  5332 | D:4      | Killed Menkaure
  5332 | D:4      | Reached skill level 5 in Dodging
  5676 | D:5      | Entered Level 5 of the Dungeon
  5712 | D:5      | Noticed Sigmund
  5724 | D:5      | Killed Sigmund
  5801 | D:5      | Reached skill level 7 in Spellcasting
  6275 | D:5      | Noticed miro's ghost (average GrMo)
  6306 | D:5      | Found Ligyliam's Weapon Emporium.
  6333 | D:5      | Reached XP level 8. HP: 36/36 MP: 26/26
  6384 | D:5      | Noticed Pikel
  6524 | D:5      | Killed Pikel
  6524 | D:5      | Reached skill level 8 in Spellcasting
  6706 | D:5      | Noticed Eustachio
  6718 | D:5      | Killed Eustachio
  6853 | D:5      | Reached skill level 9 in Spellcasting
  6909 | D:5      | Found a staircase to the Ecumenical Temple.
  6918 | Temple   | Entered the Ecumenical Temple
  6956 | Temple   | Became a worshipper of Gozag Ym Sagoz the Greedy
  7461 | D:6      | Reached XP level 9. HP: 35/39 MP: 19/29
  7475 | D:6      | Found a glowing silver altar of Zin.
  8042 | D:6      | Found Atyv's Distillery.
  8050 | D:6      | Bought a potion of heal wounds for 65 gold pieces
  8050 | D:6      | Bought a potion of curing for 39 gold pieces
  8050 | D:6      | Bought 2 potions of might for 104 gold pieces
  8050 | D:6      | Bought a potion of agility for 52 gold pieces
  8050 | D:6      | Bought a potion of curing for 39 gold pieces
  8198 | D:7      | Reached skill level 10 in Spellcasting
  8228 | D:7      | Found Voyffoh's Food Boutique.
  8234 | D:7      | Bought a bread ration for 55 gold pieces
  8339 | D:7      | Noticed Prince Ribbit
  8348 | D:7      | Gained mutation: You are partially covered in yellow scales (AC +2). [potion of beneficial mutation]
  9543 | D:7      | Killed Prince Ribbit
  9543 | D:7      | Reached skill level 10 in Hexes
 10871 | D:8      | Noticed Erolcha
 10890 | D:8      | Reached skill level 11 in Spellcasting
 10894 | D:8      | Killed Erolcha
 10894 | D:8      | Reached XP level 10. HP: 33/44 MP: 4/32
 11128 | D:8      | Reached skill level 5 in Short Blades
 11129 | D:8      | Found a shattered altar of Ashenzari.
 11407 | D:9      | Found a flagged portal.
 11425 | Bailey   | Entered a bailey
 11804 | Bailey   | Noticed an orc knight
 11855 | Bailey   | an orc knight changed into a wind drake
 12303 | Bailey   | Noticed an orc warlord
 12303 | Bailey   | Noticed an orc knight
 12305 | Bailey   | Noticed an orc knight
 12331 | Bailey   | Killed an orc warlord
 12331 | Bailey   | Reached skill level 12 in Spellcasting
 12337 | Bailey   | Killed an orc knight
 12374 | Bailey   | Killed an orc knight
 12374 | Bailey   | Reached skill level 10 in Dodging
 13162 | D:6      | Bought a potion of brilliance for 52 gold pieces
 13162 | D:6      | Bought a potion of cure mutation for 455 gold pieces
 13162 | D:6      | Bought a potion of agility for 52 gold pieces
 13162 | D:6      | Bought a potion of cancellation for 104 gold pieces
 13162 | D:6      | Bought a potion of restore abilities for 65 gold pieces
 13214 | D:7      | Bought a bread ration for 55 gold pieces
 13214 | D:7      | Bought a bread ration for 55 gold pieces
 13214 | D:7      | Bought a bread ration for 55 gold pieces
 13214 | D:7      | Bought 4 fruits for 66 gold pieces
 13268 | D:10     | Entered Level 10 of the Dungeon
 13629 | D:9      | Noticed a hill giant
 13640 | D:9      | Killed a hill giant
 14109 | D:10     | Reached XP level 11. HP: 47/47 MP: 34/34
 14233 | D:10     | Noticed Ladykiller69's ghost (powerful FoFi)
 14676 | D:10     | Found a portal to a secret trove of treasure.
 14857 | D:10     | Found a staircase to the Lair.
 14901 | D:10     | Learned a level 3 spell: Mephitic Cloud
 15225 | Lair:1   | Entered Level 1 of the Lair of Beasts
 15272 | Lair:1   | Gained mutation: You have large cloven feet. [potion of beneficial mutation]
 15450 | Lair:1   | Reached skill level 10 in Stealth
 16371 | Lair:2   | Noticed an eight-headed hydra
 16379 | Lair:2   | Killed an eight-headed hydra
 16824 | Lair:2   | Reached skill level 13 in Dodging
 17939 | Lair:3   | Reached skill level 14 in Stealth
 18081 | Lair:3   | Found a staircase to the Swamp.
 18086 | Lair:3   | Noticed a four-headed hydra
 18211 | Lair:3   | Killed a four-headed hydra
 18211 | Lair:3   | Reached XP level 12. HP: 50/50 MP: 32/34
 19880 | Lair:3   | Upgraded the game from 0.17-a0-4-gb793c6d to 0.17-a0-18-gc25b939
 19899 | Lair:3   | Noticed a dire elephant
 19899 | Lair:3   | a death yak changed into a dire elephant
 20050 | Lair:3   | Reached skill level 15 in Dodging
 20838 | Lair:5   | Found a staircase to the Snake Pit.
 20850 | Lair:5   | Noticed a five-headed hydra
 20973 | Lair:5   | Reached skill level 15 in Stealth
 20986 | Lair:5   | Killed a five-headed hydra
 21018 | Lair:5   | Noticed a seven-headed hydra
 21023 | Lair:5   | Killed a seven-headed hydra
 21023 | Lair:5   | Reached skill level 16 in Dodging
 21183 | Lair:5   | Noticed a six-headed hydra
 21471 | Lair:5   | HP: 2/50 [six-headed hydra (11)]
 21941 | Lair:5   | Slain by a komodo dragon

Action                   |  1- 3 |  4- 6 |  7- 9 | 10-12 || total
-------------------------+-------+-------+-------+-------++-------
Melee: Dagger            |   147 |   135 |   227 |   417 ||   926
       Rapier            |       |       |     4 |    65 ||    69
       Whip              |       |       |     5 |    39 ||    44
 Fire: Hunting sling     |       |       |       |    12 ||    12
 Cast: Corona            |    30 |    32 |    23 |    41 ||   126
       Ensorcelled Hiber |    22 |    63 |    62 |   138 ||   285
       Enslavement       |       |     1 |    18 |   108 ||   127
       Dazzling Spray    |       |       |    43 |    33 ||    76
Invok: Call Merchant     |       |       |       |     3 ||     3
Evoke: Wand              |       |       |     2 |    16 ||    18
       Box of beasts     |       |       |       |    11 ||    11
       Stone of tremors  |       |       |       |     1 ||     1
  Use: Scroll            |     9 |     8 |    11 |     8 ||    36
       Potion            |       |       |     4 |    10 ||    14
 Stab: Sleeping          |    17 |    62 |    47 |    98 ||   224
       Distracted        |     1 |       |     3 |     8 ||    12
       Invisible         |       |       |     1 |     2 ||     3
       Confused          |       |       |       |     1 ||     1
       Paralysed         |       |       |       |     1 ||     1
  Eat: Royal jelly       |       |     1 |       |       ||     1
       Bread ration      |       |     1 |     1 |     1 ||     3
       Pizza             |       |       |     4 |     5 ||     9
       Fruit             |       |       |       |     4 ||     4
